 Dungeon Crawl Stone Soup version 0.29.0 (webtiles) character file.

Game seed: 7255666326811219595

1149 GigaChad the Slasher (level 8, -3/68 HPs)
             Began as a Minotaur Fighter on Aug 24, 2022.
             Was a Believer of the Shining One.
             Slain by Duvessa
             ... wielding a +0 rapier
              (6 damage)
             ... on level 6 of the Dungeon.
             The game lasted 00:10:56 (3391 turns).

GigaChad the Slasher (Minotaur Fighter)             Turns: 3391, Time: 00:10:56

Health: -3/68      AC: 11    Str: 23    XL:     8   Next: 15%
Magic:  7/7        EV:  7    Int:  5    God:    the Shining One [**....]
Gold:   226        SH: 13    Dex: 10    Spells: 7/7 levels left

rFire   . . .      SeeInvis .   a - +0 long sword (vorpal)
rCold   . . .      Faith    .   u - +0 tower shield
rNeg    + . .      Spirit   .   b - +0 scale mail
rPois   .          Reflect  .   (helmet restricted)
rElec   .          Harm     .   (no cloak)
rCorr   .          Rampage  .   (no gloves)
Will    .....                   (no boots)
Stlth   ..........              (no amulet)
HPRegen 0.21/turn               f - +4 ring of protection
MPRegen 0.10/turn               (no ring)

@: glowing
A: horns 2, retaliatory headbutt
a: Renounce Religion, Divine Shield


You were on level 6 of the Dungeon.
You worshipped the Shining One.
The Shining One was pleased with you.
You visited 1 branch of the dungeon, and saw 6 of its levels.

You collected 226 gold pieces.

Inventory:

Hand Weapons
 a - a +0 vorpal long sword (weapon)
 j - a +0 morningstar
 t - a +1 vampiric falchion
Missiles
 i - 13 poisoned darts (quivered)
Armour
 b - a +0 scale mail (worn)
 c - a +0 buckler
 s - an orb of energy
 u - a +0 tower shield (worn)
Jewellery
 f - a +4 ring of protection (left hand)
 h - a ring of resist corrosion
Wands
 q - a wand of flame (14)
Scrolls
 l - a scroll of immolation
 n - 2 scrolls of noise
 o - a scroll of enchant armour
 p - 3 scrolls of teleportation
 r - 2 scrolls of identify
Potions
 d - a potion of might
 e - 4 potions of curing
 g - a potion of attraction {unknown}
 k - 2 potions of mutation {unknown}
 m - a potion of degeneration {unknown}


   Skills:
 + Level 5.1 Fighting
 + Level 7.2 Long Blades
 + Level 1.2 Maces & Flails
 + Level 6.6 Armour
 + Level 3.4 Dodging
 + Level 0.3 Stealth
 + Level 5.9 Shields


You had 7 spell levels left.
You didn't know any spells.
Your spell library contained the following spells:

 Spells                   Type           Power      Damage    Failure   Level
 Conjure Flame            Conj/Fire      0%         6-21      100%        3
 Ignite Poison            Fire/Tmut/Pois 0%         N/A       100%        3
 Sticky Flame             Conj/Fire      0%         2d3       100%        4


Dungeon Overview and Level Annotations

Branches:
Dungeon (6/15)
 Temple: D:4-7

Altars:
Ashenzari
Dithmenos
Elyvilon
Hepliaklqana
Kikubaaqudgha
Okawaru
Qazlal
Ru
Zin
The Shining One

Shops:
D:4 *

Annotations:
D:6 Duvessa, Prince Ribbit


Innate Abilities, Weirdness & Mutations

You have a pair of horns on your head.
You reflexively headbutt those who attack you in melee.


Message History

Duvessa throws a stone.
The stone hits you.
Items here: )))))) [[[ ††††.
Dowan gestures at Duvessa while chanting.
Duvessa seems to speed up.
Duvessa throws a stone.
You block the stone.
Duvessa says, "Practise, practise, practise!
One day you'll be as good as me." Dowan gestures at you while chanting.
The puff of flame hits you.
Duvessa throws a stone.
The stone completely misses you.
Dowan smirks and points a slender finger.
You block Duvessa's attack.
You slash Dowan!
Dowan is moderately wounded.
You block Duvessa's attack.
Dowan says, "My weaknesses are her strengths!"
Dowan points at you and mumbles some strange words.
The puff of flame hits you. You block Duvessa's attack.
You block Dowan's attack. Duvessa hits you with a +0 rapier!
You slash Dowan! You headbutt Dowan.
You kill Dowan!
Duvessa screams, "No!
How DARE you!"
Duvessa goes berserk!
Duvessa hits you with a +0 rapier.
A hound comes into view.
You block Duvessa's attack. Duvessa hits you but does no damage.
Items here: ) / ? [.
The hound barks!
Duvessa hits you with a +0 rapier! You block Duvessa's attack.
You barely miss Duvessa. You headbutt Duvessa!
Duvessa is lightly wounded.
You block the hound's attack. Duvessa hits you with a +0 rapier.
* * * LOW HITPOINT WARNING * * *
You block the hound's attack. Duvessa hits you with a +0 rapier!
* * * LOW HITPOINT WARNING * * *
You slash Duvessa! You headbutt Duvessa!
Duvessa is heavily wounded.
You block the hound's attack. Duvessa hits you with a +0 rapier.
* * * LOW HITPOINT WARNING * * *
The hound bites you but does no damage. Duvessa hits you with a +0 rapier.
You die...

......$......##.#
#......o..<...#
....##..l........# .
......########.# ...##....
.# # ..o ..=..##.##
...###.#[.#..## #
.......h....###
##...@......# ##...e....#.#
...#####.#..).##.#.## .
#..(...))..........#######..
#####..#####.###......†....#
.....# #.###..........##
..##### #.##...........# .
#.##.##.########
#....##.######


You could see Duvessa (berserk, fast) and a hound.

Vanquished Creatures
  A black bear (D:5)
  3 ogres
  2 phantoms
  3 scorpions
  A necrophage (D:6)
  Dowan (D:6)
  A hound (D:4)
  An iguana (D:5)
  3 orc wizards
  Terence (D:2)
  Robin (D:3)
  6 adders
  3 ufetubi
  3 worms
  2 dart slugs
  15 orcs
  2 ball pythons
  14 bats
  5 endoplasms
  2 giant cockroaches
  16 goblins
  8 hobgoblins
  7 jackals
  6 kobolds
  3 quokkas
  3 frilled lizards
  6 rats
119 creatures vanquished.

Notes
Turn   | Place    | Note
-------+----------+-------------------------------------------
     0 | D:1      | GigaChad the Minotaur Fighter began the quest for the Orb.
     0 | D:1      | Reached XP level 1. HP: 19/19 MP: 0/0
    72 | D:1      | Found a faded altar of an unknown god.
    85 | D:1      | Prayed at the altar of an unknown god.
    85 | D:1      | Became a worshipper of the Shining One
    85 | D:1      | Reached * piety under the Shining One
   215 | D:1      | Reached XP level 2. HP: 27/27 MP: 1/1
   294 | D:1      | Upgraded the game from 0.29-b1-12-g9e2288ab2a to 0.29.0
   611 | D:1      | Reached skill level 3 in Long Blades
   673 | D:2      | Reached XP level 3. HP: 33/33 MP: 2/2
   696 | D:2      | Noticed Terence
   702 | D:2      | Killed Terence
   812 | D:2      | Reached XP level 4. HP: 41/41 MP: 3/3
  1283 | D:3      | Found a stormy altar of Qazlal.
  1284 | D:3      | Found a hazy altar of Hepliaklqana.
  1285 | D:3      | Found a sacrificial altar of Ru.
  1294 | D:3      | Noticed Robin
  1294 | D:3      | Reached ** piety under the Shining One
  1318 | D:3      | Killed Robin
  1319 | D:3      | Reached skill level 1 in Dodging
  1323 | D:3      | Reached skill level 4 in Long Blades
  1505 | D:3      | Reached XP level 5. HP: 47/47 MP: 4/4
  2039 | D:4      | Found Ceret's Assorted Antiques.
  2146 | D:4      | Found an ancient bone altar of Kikubaaqudgha.
  2172 | D:4      | Reached skill level 1 in Maces & Flails
  2224 | D:4      | Found a broken altar of Ashenzari.
  2269 | D:4      | Found an iron altar of Okawaru.
  2336 | D:4      | Found a white marble altar of Elyvilon.
  2385 | D:4      | Found a shadowy altar of Dithmenos.
  2592 | D:5      | Entered Level 5 of the Dungeon
  2605 | D:5      | Reached skill level 5 in Long Blades
  2605 | D:5      | Reached skill level 5 in Armour
  2605 | D:5      | Reached XP level 6. HP: 50/53 MP: 5/5
  2729 | D:5      | Reached skill level 5 in Shields
  2729 | D:5      | Reached XP level 7. HP: 18/60 MP: 6/6
  2897 | D:5      | Reached skill level 6 in Long Blades
  2919 | D:5      | Found a glowing silver altar of Zin.
  3303 | D:6      | Noticed Prince Ribbit
  3317 | D:6      | Reached skill level 5 in Fighting
  3369 | D:6      | Reached XP level 8. HP: 57/68 MP: 7/7
  3376 | D:6      | Reached skill level 7 in Long Blades
  3377 | D:6      | Noticed Duvessa
  3377 | D:6      | Noticed Dowan
  3386 | D:6      | Killed Dowan
  3391 | D:6      | HP: 3/68 [Duvessa/+0 rapier (2)]
  3391 | D:6      | Slain by Duvessa

Illustrated notes

Levels and vault maps discovered:
D:1:      giann_wishing_wells, layout_loops_cross, basic_ecumenical_altar,
          minmay_3d_cube
D:2:      layout_basic, uniq_terence
D:3:      layout_basic, chequers_temple_overflow_statue_of_worship, uniq_robin
D:4:      layout_rooms, old_standard_altar,
          nicolae_dithmenos_through_a_glass_darkly, nicolae_overflow_squiral,
          mainiacjoe_overflow_surrounded_room, serial_shops,
          nicolae_take_the_stairs, item_on_display_a
D:5:      layout_cave_pools, zin_statuary, roderic_batcave
D:6:      layout_rooms, yredelemnul_forgotten_temple_becter, grunt_tough_drop,
          uniq_prince_ribbit1, uniq_duvessa, uniq_eustachio

Skill      XL: |  1  2  3  4  5  6  7  8 |
---------------+-------------------------+-----
Fighting       | 4 5 |  5.1
Long Blades    | 3 4 5 6 7 |  7.2
Armour         | 4 5 6 |  6.6
Shields        | 4 5 |  5.9
Dodging        | 1 2 3 |  3.4
Maces & Flails | 1 |  1.2
Stealth        | |  0.3

Action                   |  1- 3 |  4- 6 |  7- 9 || total
-------------------------+-------+-------+-------++-------
Melee: Long sword        |    45 |   119 |    52 ||   216
       Headbutt          |     9 |    27 |    14 ||    50
       Morningstar       |       |    11 |       ||    11
Throw: Dart              |     2 |     1 |       ||     3
  Use: Scroll            |     5 |     1 |     3 ||     9
Armor: Scale mail        |    38 |   126 |    15 ||   179
Dodge: Dodged            |    44 |   103 |    28 ||   175
Block: Buckler           |    18 |    56 |     1 ||    75
       Tower shield      |       |       |    21 ||    21
